 Dungeon Crawl Stone Soup version 0.24.0-123-gd5b16e6ec5 (webtiles) character file.

Game seed: 11791893907331175561, levelgen mode: deterministic

568616 Pingvinix the Conqueror (level 26, -12/399 HPs)
             Began as a Hill Orc Fighter on Dec 23, 2019.
             Was the Champion of Yredelemnul.
             Mangled by a seraph
             ... wielding a +7 great sword of flaming
              (16 damage)
             ... on level 1 of the Realm of Zot on Jan 5, 2020.
             The game lasted 10:31:50 (67432 turns).

Pingvinix the Conqueror (Hill Orc Fighter)         Turns: 67432, Time: 10:31:51

Health: -12/399    AC: 45    Str: 29 (33) XL:     26   Next: 89%
Magic:  30/40      EV: 10    Int:  0 (2)  God:    Yredelemnul [******]
Gold:   5954       SH: 11    Dex:  9      Spells: 25/25 levels left

rFire    + + .     SeeInvis .   c - +9 scimitar of Abilun {elec, rN+ Str-4 Stlth+}
rCold    + + +     Gourm    .   v - +2 buckler {rC+ rF+}
rNeg     + + +     Faith    .   U - +7 gold dragon scales
rPois    +         Spirit   .   x - +1 helmet of Maojos {rElec MR++}
rElec    +         Reflect  .   O - +2 ratskin cloak {+Rats rPois rN+ Str-1 Int-1 Dex+1}
rCorr    +         Harm     .   C - +2 pair of gloves of the Old World {rPois rC+ Slay+2}
MR       ++++.     Rnd*Rage +   (no boots)
Stlth    ..........             (no amulet)
HPRegen  0.76/turn              p - ring of the Distant Future {rPois rCorr MP+9 Int-5 Dex+3}
MPRegen  0.27/turn              N - ring "Jyeleit" {rN++ MR+ Dex-5}

@: berserking, hasted and slowed, lost intelligence
A: berserk 1, poison resistance, shaggy fur 1, strong 1, subdued magic 1,
MP-powered wands
0: Orb of Zot
}: 3/15 runes: decaying, silver, gossamer
a: Recall Undead Slaves, Injury Mirror, Animate Dead, Drain Life, Enslave Soul,
Renounce Religion, Evoke Ratskin


You were on level 1 of the Realm of Zot.
You worshipped Yredelemnul.
Yredelemnul was exalted by your worship.
You were not hungry.

You visited 10 branches of the dungeon, and saw 50 of its levels.
You also visited: Sewer and Desolation.

You collected 8553 gold pieces.
You spent 2599 gold pieces at shops.

Inventory:

Hand Weapons
 a - the +7 morningstar of Equilibrium {freeze, -Tele rF+ MR+ Str+7}
   (You found it on level 4 of the Lair of Beasts)

   It has been specially enchanted to freeze those struck by it, causing extra
   injury to most foes and up to half again as much damage against particularly
   susceptible opponents.
   It can also slow down cold-blooded creatures.
   It affects your strength (+7).
   It protects you from fire.
   It affects your resistance to hostile enchantments.
   It prevents most forms of teleportation.
 b - the +6 scimitar of Equilibrium {venom, +Fly rF+ Str-2 Int+3 Dex+2}
   (You took it off an orc knight on level 14 of the Dungeon)

   It poisons the flesh of those it strikes.
   It affects your strength (-2).
   It affects your intelligence (+3).
   It affects your dexterity (+2).
   It protects you from fire.
   It lets you fly.
 c - the +9 scimitar of Abilun (weapon) {elec, rN+ Str-4 Stlth+}
   (You found it on level 1 of the Vaults)

   Occasionally, upon striking a foe, it will discharge some electrical energy
   and cause terrible harm.
   It affects your strength (-4).
   It protects you from negative energy.
   It makes you more stealthy.
Armour
 d - a +2 large shield
 o - the -4 pair of boots "Sefax" {+Inv rPois Str+6 Dex-4}
   (You found it on level 2 of the Depths)

   It affects your strength (+6).
   It affects your dexterity (-4).
   It protects you from poison.
   It lets you turn invisible.
 v - a +2 buckler of resistance (worn)
 x - the +1 helmet of Maojos (worn) {rElec MR++}
   (You found it on level 7 of the Dungeon)

   It insulates you from electricity.
   It affects your resistance to hostile enchantments.
 C - the +2 pair of gloves of the Old World (worn) {rPois rC+ Slay+2}
   (You found it on level 14 of the Dungeon)

   It affects your accuracy and damage with ranged weapons and melee attacks
   (+2).
   It protects you from cold.
   It protects you from poison.
 G - a +5 plate armour of positive energy
 O - the +2 ratskin cloak (worn) {+Rats rPois rN+ Str-1 Int-1 Dex+1}
   (You found it on level 10 of the Dungeon)

   It affects your strength (-1).
   It affects your intelligence (-1).
   It affects your dexterity (+1).
   It protects you from poison.
   It protects you from negative energy.
 U - +7 gold dragon scales (worn)
 W - a +2 cloak of invisibility
Jewellery
 h - an uncursed ring of fire
 n - the ring of Robustness {AC+8}
   (You found it on level 2 of the Spider Nest)

   [ring of protection]

   It affects your AC (+8).
 p - the ring of the Distant Future (left hand) {rPois rCorr MP+9 Int-5 Dex+3}
   (You found it on level 2 of the Elven Halls)

   [ring of resist corrosion]

   It affects your intelligence (-5).
   It affects your dexterity (+3).
   It protects you from poison.
   It affects your magic capacity (+9).
   It provides partial protection from all sources of acid and corrosion.
 y - an uncursed ring of see invisible
 A - an uncursed ring of flight
 N - the ring "Jyeleit" (right hand) {rN++ MR+ Dex-5}
   (You took it off a deep elf annihilator on level 5 of the Vaults)

   [ring of protection from magic]

   It affects your dexterity (-5).
   It greatly protects you from negative energy.
   It affects your resistance to hostile enchantments.
 Q - an uncursed ring of protection from magic
 T - an uncursed ring of positive energy
Wands
 l - a wand of digging (19)
 F - a wand of acid (15)
Scrolls
 r - 14 scrolls of identify
 s - a scroll of enchant armour
 w - 10 scrolls of magic mapping
 B - 21 scrolls of remove curse
 E - 20 scrolls of teleportation
 H - 4 scrolls of enchant weapon
 M - 4 scrolls of silence
 S - a scroll of blinking
Potions
 e - 3 potions of haste
 g - 6 potions of mutation
 i - 2 potions of might
 j - 12 potions of flight
 k - 12 potions of curing
 m - 3 potions of invisibility
 D - 6 potions of cancellation
 I - 3 potions of berserk rage
 Y - 2 potions of resistance
Comestibles
 f - 42 rations


   Skills:
 O Level 27 Fighting
   Level 2.2(5.4) Short Blades
 - Level 8.5(8.7) Long Blades
   Level 7.1(16.3) Axes
 + Level 19.1(19.4) Maces & Flails
 + Level 25.3 Armour
 - Level 5.4 Dodging
 - Level 21.4 Shields
 - Level 10.3 Invocations
 - Level 11.0 Evocations


You had 25 spell levels left.
You didn't know any spells.
Your spell library contained the following spells:

 Spells                   Type           Power        Failure   Level  Hunger
 Apportation              Tloc           #.....       99%         1    ##.....
 Beastly Appendage        Tmut           #.....       99%         1    ##.....
 Confusing Touch          Hex            #.....       99%         1    ##.....
 Corona                   Hex            #......      99%         1    ##.....
 Flame Tongue             Conj/Fire      #....        99%         1    ##.....
 Freeze                   Ice            #...         99%         1    ##.....
 Infusion                 Chrm           #...         99%         1    ##.....
 Magic Dart               Conj           #...         99%         1    ##.....
 Pain                     Necr           #...         99%         1    ##.....
 Sandblast                Erth           #.....       99%         1    ##.....
 Shock                    Conj/Air       #...         99%         1    ##.....
 Sting                    Conj/Pois      #...         99%         1    ##.....
 Blink                    Tloc           N/A          100%        2    ###....
 Call Imp                 Summ           #.......     100%        2    ###....
 Passwall                 Tmut/Erth      #.......     100%        2    ###....
 Poisonous Vapours        Pois/Air       #.....       100%        2    ###....
 Searing Ray              Conj           #.....       100%        2    ###....
 Shroud of Golubria       Chrm/Tloc      #.....       100%        2    ###....
 Slow                     Hex            #.......     100%        2    ###....
 Song of Slaying          Chrm           #.......     100%        2    ###....
 Sticks to Snakes         Tmut           #.......     100%        2    ###....
 Sublimation of Blood     Necr           #.........   100%        2    ###....
 Swiftness                Chrm/Air       #.......     100%        2    ###....
 Throw Flame              Conj/Fire      #.....       100%        2    ###....
 Throw Frost              Conj/Ice       #.....       100%        2    ###....
 Confuse                  Hex            #.......     100%        3    ####...
 Conjure Flame            Conj/Fire      #.......     100%        3    ####...
 Dazzling Spray           Conj/Hex       #.....       100%        3    ####...
 Gell's Gravitas          Tloc           #.........   100%        3    ####...
 Ignite Poison            Fire/Tmut/Pois #.......     100%        3    ####...
 Inner Flame              Hex/Fire       #.......     100%        3    ####...
 Mephitic Cloud           Conj/Pois/Air  #.......     100%        3    ####...
 Ozocubu's Armour         Chrm/Ice       #.......     100%        3    ####...
 Portal Projectile        Hex/Tloc       #.....       100%        3    ####...
 Regeneration             Chrm/Necr      #.........   100%        3    ####...
 Spectral Weapon          Hex/Chrm       #.......     100%        3    ####...
 Spider Form              Tmut/Pois      #.........   100%        3    ####...
 Static Discharge         Conj/Air       #.......     100%        3    ####...
 Stone Arrow              Conj/Erth      #.....       100%        3    ####...
 Summon Guardian Golem    Hex/Summ       #.......     100%        3    ####...
 Vampiric Draining        Necr           #.........   100%        3    ####...
 Airstrike                Air            #.........   100%        4    #####..
 Animate Dead             Necr           N/A          100%        4    #####..
 Cause Fear               Hex            #.........   100%        4    #####..
 Force Lance              Conj/Tloc      #.......     100%        4    #####..
 Fulminant Prism          Conj/Hex       #.........   100%        4    #####..
 Ice Form                 Ice/Tmut       #.......     100%        4    #####..
 Iskenderun's Mystic Bla  Conj           #.......     100%        4    #####..
 Leda's Liquefaction      Hex/Erth       #.........   100%        4    #####..
 Olgreb's Toxic Radiance  Pois           #.......     100%        4    #####..
 Petrify                  Tmut/Erth      #.......     100%        4    #####..
 Sticky Flame             Conj/Fire      #.......     100%        4    #####..
 Summon Ice Beast         Ice/Summ       #.......     100%        4    #####..
 Throw Icicle             Conj/Ice       #.......     100%        4    #####..
 Agony                    Necr           #.......     100%        5    ######.
 Alistair's Intoxication  Tmut/Pois      #.......     100%        5    ######.
 Blade Hands              Tmut           #.........   100%        5    ######.
 Bolt of Magma            Conj/Fire/Erth #.........   100%        5    ######.
 Borgnjor's Vile Clutch   Necr/Erth      #.........   100%        5    ######.
 Fireball                 Conj/Fire      #.........   100%        5    ######.
 Irradiate                Conj/Tmut      #.........   100%        5    ######.
 Iskenderun's Battlesphe  Conj/Chrm      #.......     100%        5    ######.
 Lee's Rapid Deconstruct  Erth           #.........   100%        5    ######.
 Lightning Bolt           Conj/Air       #.........   100%        5    ######.
 Metabolic Englaciation   Hex/Ice        #.........   100%        5    ######.
 Silence                  Hex/Air        #.........   100%        5    ######.
 Venom Bolt               Conj/Pois      #.........   100%        5    ######.
 Yara's Violent Unravell  Hex/Tmut       #.........   100%        5    ######.
 Bolt of Fire             Conj/Fire      #.........   100%        6    #######
 Darkness                 Hex            #.........   100%        6    #######
 Deflect Missiles         Chrm/Air       #.........   100%        6    #######
 Dispersal                Tloc           #.........   100%        6    #######
 Freezing Cloud           Conj/Ice/Air   #.........   100%        6    #######
 Hydra Form               Tmut           #.........   100%        6    #######
 Iron Shot                Conj/Erth      #.........   100%        6    #######
 Ozocubu's Refrigeration  Ice            #.........   100%        6    #######
 Statue Form              Tmut/Erth      #........    100%        6    #######
 Dragon Form              Tmut           #.........   100%        7    #######
 Haunt                    Necr/Summ      #.........   100%        7    #######
 Malign Gateway           Summ/Tloc      #.........   100%        7    #######
 Orb of Destruction       Conj           #.........   100%        7    #######
 Ring of Flames           Chrm/Fire      #.........   100%        7    #######
 Spellforged Servitor     Conj/Summ      #.........   100%        7    #######
 Borgnjor's Revivificati  Necr           #.........   100%        8    #######
 Death's Door             Chrm/Necr      #.........   100%        8    #######
 Discord                  Hex            #.........   100%        8    #######
 Ignition                 Fire           #.........   100%        8    #######
 Infestation              Necr           #.........   100%        8    #######
 Necromutation            Tmut/Necr      #.........   100%        8    #######
 Dragon's Call            Summ           #.........   100%        9    #######
 Shatter                  Erth           #.........   100%        9    #######
 Passage of Golubria      Tloc           Unusable     N/A         4    N/A

Dungeon Overview and Level Annotations

Branches:
Dungeon (15/15)            Temple (1/1) D:4            Lair (6/6) D:8
  Swamp (4/4) Lair:4       Spider (4/4) Lair:2        Slime (0/5) Lair:5
    Orc (2/2) D:9             Elf (3/3) Orc:2        Vaults (5/5) D:13
  Crypt (0/3) Vaults:3     Depths (5/5) D:15            Zot (5/5) Depths:5
  Sewer (visited)         Desolation (visited)

Altars:
Ashenzari
Cheibriados
Dithmenos
Elyvilon
Fedhas
Gozag
Hepliaklqana
Kikubaaqudgha
Makhleb
Nemelex Xobeh
Okawaru
Qazlal
Ru
Sif Muna
Trog
Uskayaw
Vehumet
Wu Jian
Xom
Yredelemnul
Zin
The Shining One
Beogh
Jiyva

Shops:
D:15 [?[[(   Orc:2 *%*=   Elf:1 %!:!   Elf:2 *   Vaults:1 :%*:   Vaults:2 [*?
Vaults:4 *   Depths:1 (*

Portals:
Hell: Depths:1 Depths:2 Depths:3 Depths:4 Depths:5
Abyss: Depths:2 Depths:3 Depths:4
Pandemonium: Depths:3 Depths:4 Depths:5
Ziggurat: Depths:5

Annotations:
Lair:4 exclusion: oklob plant
Spider:2 Bai Suzhen
Vaults:1 3 runed translucent doors, Kipt's ghost, adept SpFE


Innate Abilities, Weirdness & Mutations

You tend to lose your temper in combat.
Your system is resistant to poisons. (rPois)
You are covered in fur. (AC +1)
Your muscles are strong. (Str +2)
Your spells are a little easier to cast, but a little less powerful.
You expend magic power (3 MP) to strengthen your wands.


Message History

The golden flame engulfs the angel.
The angel completely resists.
The golden flame engulfs the angel.
The angel completely resists.
The golden flame engulfs you but does no damage.
The golden flame engulfs the angel.
The angel completely resists.
The golden flame engulfs the angel but does no damage.
The golden flame engulfs the angel.
The angel completely resists.
The golden flame engulfs your profane servitor.
Your profane servitor completely resists.
You block the angel's attack. The angel hits you but does no damage.
The angel misses you. x2
You hit the seraph.
The seraph is lightly wounded.
You block the angel's attack. The angel hits you but does no damage.
The seraph hits you with a +7 great sword of flaming!!
* * * LOW HITPOINT WARNING * * *
The seraph burns you.
* * * LOW HITPOINT WARNING * * *
The seraph hits you with a +7 great sword of flaming!
You die...
Your body rises from the dead as a mindless zombie.

*,,,,,,,,,,*
*,,,,,,,,,,*
*,,,,,,,,,,*
*>,,,,,,,,,*
*,,,,,,,,,,* #####
*,,,,,,,,,,* ....#
*****+****** .####
**###### .# #####
##.AA@## .###...##
##..AAAA##
.##.....###(..≈§AA.#
.#..(≈...#...≈≈≈≈§.#
.#..≈≈§......≈≈§≈>.#
.#..≈≈≈§.....≈§§§§.#
.#..§≈§§.....≈≈≈Z..#
.#...≈........≈≈...#
###.........§.....##


You could see a seraph, 6 angels, a friendly profane servitor and a friendly
ghost moth zombie.

Vanquished Creatures
  3 orbs of fire
  7 ancient liches
  Mara (Depths:1)
  A juggernaut (Depths:3)
  Boris (Depths:5)
  3 Killer Klowns (Zot:5)
  The ghost of Juzit the Bludgeoner, a legendary GnFi of Cheibriados (Zot:3)
  9 golden dragons
  3 electric golems
  10 tentacled monstrosities
  2 liches
  Asterion (Vaults:2)
  24 Orb Guardians
  9 quicksilver dragons
  A titan (Depths:5)
  8 death cobs
  3 sphinxes
  A thorn hunter (Swamp:4)
  8 storm dragons
  4 tengu reavers
  Roxanne (Spider:4)
  7 shadow dragons
  4 draconian monks
  A deep elf sorcerer (Vaults:2)
  6 vault wardens
  4 fire giants
  5 emperor scorpions
  A cacodemon (Depths:3)
  A draconian scorcher (Zot:2)
  4 frost giants
  An iron dragon (Depths:4)
  3 ghost moths
  A draconian stormcaller (Zot:3)
  5 ironheart preservers
  A draconian shifter (Zot:1)
  A deep elf elementalist (Elf:3)
  Aizul (Spider:4)
  3 spriggan defenders
  11 very ugly things
  A war gargoyle (Vaults:5)
  2 green draconians (Zot:3)
  2 entropy weavers
  9 stone giants
  2 vampire knights
  5 black draconians
  3 white draconians (Zot:3)
  5 yellow draconians
  10 spark wasps
  6 deep elf demonologists
  7 red draconians
  3 ettins
  7 purple draconians
  3 fire dragons
  3 deep elf death magi
  7 yaktaur captains
  2 deep elf high priests (Elf:3)
  6 great orbs of eyes
  7 hydras
  A rakshasa (Depths:3)
  2 catoblepae
  2 spriggan air magi (Depths:5)
  9 vault guards
  5 ice dragons
  5 alligators
  5 centaur warriors
  2 death knights
  4 ogre magi
  6 dancing weapons
  16 two-headed ogres
  3 tengu warriors
  2 deep troll shamans
  2 deep troll earth magi
  4 death yaks (Lair:6)
  2 orc high priests
  2 spriggan berserkers
  2 spriggans
  7 deep elf knights
  A soul eater (Depths:3)
  A shadow wraith (Vaults:4)
  A fire crab (Swamp:4)
  3 swamp dragons
  A skeletal warrior (D:13)
  9 deep trolls
  2 flayed ghosts
  3 unseen horrors
  2 spriggan druids (Swamp:4)
  A glowing orange brain (Vaults:5)
  A wizard (Depths:1)
  A tengu zombie (Vaults:4)
  3 deep elf archers
  5 ironbrand convokers
  7 orb spiders
  6 orc knights
  A lindwurm (Lair:4)
  An orange crystal statue (Zot:5)
  Pikel (D:7)
  2 necromancers
  2 orc sorcerers
  An orb spider (shapeshifter) (Vaults:2)
  10 ugly things
  27 wolf spiders
  4 cyclopes
  2 manticores
  34 deep elf magi
  19 moths of wrath
  A rust devil (Depths:3)
  8 elephants
  5 vault sentinels
  4 centaur skeletons (D:15)
  A naga mage (D:15)
  A guardian serpent (shapeshifter) (Vaults:4)
  2 gargoyles
  A titan simulacrum (Vaults:3)
  A black mamba (Lair:2)
  10 spiny frogs
  10 yaktaurs
  2 komodo dragons
  A rime drake (Lair:6)
  6 demonic crawlers
  A kobold demonologist (D:15)
  A tengu conjurer (Depths:4)
  A tormentor (Zot:2)
  A freezing wraith (Vaults:4)
  4 meliai (D:14)
  A queen bee (D:14)
  2 polar bears (shapeshifter)
  4 trolls
  11 jumping spiders
  3 tyrant leeches
  5 hippogriffs
  12 hornets
  5 blink frogs
  5 slime creatures
  A bog body (Swamp:3)
  An ettin zombie (Vaults:4)
  50 redbacks
  An air elemental (Elf:3)
  3 wraiths
  A fire bat (Depths:2)
  20 tarantellas
  24 yaks
  A yak (shapeshifter) (Vaults:4)
  2 fire elementals
  5 water elementals
  3 wyverns
  3 hungry ghosts
  12 vampire mosquitoes
  2 basilisks
  2 wargs
  An insubstantial wisp (Swamp:4)
  5 acid dragons
  A soldier ant (D:15)
  4 swamp worms
  Duvessa (D:6)
  A soldier ant (shapeshifter) (D:15)
  17 orc warriors
  6 water moccasins
  5 porcupines
  7 swamp drakes
  5 sky beasts
  An eye of draining (D:9)
  3 ice beasts
  4 black bears
  3 necrophages (D:12)
  16 ogres
  4 boggarts
  7 wolves
  11 centaurs
  12 crocodiles
  5 big kobolds
  Blork the orc (D:4)
  11 bullfrogs
  Dowan (D:6)
  A water moccasin zombie (D:9)
  An earth elemental (Elf:2)
  A wyvern skeleton (D:14)
  8 scorpions
  19 killer bees
  11 wights
  3 howler monkeys
  9 crimson imps
  A human simulacrum (Vaults:2)
  3 bullfrog zombies
  2 centaur zombies
  3 jellies (D:8)
  Crazy Yiuf (D:6)
  26 orc priests
  4 hounds
  18 orc wizards
  A bullfrog skeleton (D:9)
  7 iguanas
  11 worker ants
  A hound zombie (D:11)
  A hound skeleton (D:9)
  A howler monkey zombie (D:6)
  A howler monkey skeleton (D:9)
  6 adders
  3 river rats (Sewer)
  9 shadow imps
  A white imp (Vaults:4)
  3 ufetubi
  4 oozes
  2 adder skeletons
  2 adder zombies
  3 worms
  2 dart slugs
  4 leopard geckos
  65 orcs
  A bat zombie (D:5)
  5 giant cockroaches
  4 goblins
  11 hobgoblins
  10 jackals
  13 kobolds
  4 quokkas
  6 bats
  6 frilled lizards
  3 giant cockroach zombies (D:2)
  A jackal zombie (D:2)
  A leopard gecko skeleton (D:2)
  13 rats
  A bush (D:12)
  A fire vortex (Swamp:4)
  2 fungi (D:6)
  A plant (Lair:6)
1176 creatures vanquished.

Vanquished Creatures (collateral kills)
  2 ancient liches (Zot:5)
  3 juggernauts
  The ghost of SlowGraham the Acrobat, a legendary KoMo of Trog (Vaults:2)
  Boris (Depths:4)
  Frederick (Vaults:3)
  A Killer Klown (Zot:3)
  Arachne (Spider:3)
  7 golden dragons
  13 tentacled monstrosities
  Jorgrun (Orc:2)
  3 Orb Guardians
  An Ice Fiend (Zot:3)
  4 titans
  5 liches
  A large abomination (Elf:3)
  A deep elf blademaster (Elf:3)
  3 deep elf master archers (Elf:3)
  3 quicksilver dragons
  Frances (Swamp:2)
  4 storm dragons
  3 sphinxes
  9 death cobs
  3 draconian monks
  A thorn hunter (Swamp:4)
  7 shadow dragons
  Donald (Orc:2)
  5 tengu reavers
  5 fire giants
  2 iron dragons
  10 frost giants
  A draconian knight (Zot:1)
  Louise (Spider:1)
  9 deep elf sorcerers
  A black sun (Zot:2)
  A cacodemon (Vaults:1)
  A ghoul (Vaults:4)
  4 ghost moths
  9 deep elf elementalists
  7 vault wardens
  4 draconian scorchers
  6 emperor scorpions
  3 draconian annihilators
  4 draconian shifters
  4 spriggan defenders
  The ghost of Uummannaq the Severer, a journeyman MiFi of Gozag (D:14)
  2 draconian stormcallers (Zot:1)
  10 very ugly things
  8 ironheart preservers
  The ghost of Hulashix the Severer, a journeyman MiBe of Trog (Elf:2)
  12 stone giants
  2 entropy weavers
  2 vampire knights
  2 deep elf demonologists (Elf:3)
  Azrael (Spider:1)
  4 green draconians
  9 yellow draconians
  4 black draconians
  5 white draconians
  A lorocyproca (Zot:1)
  10 spark wasps
  3 red draconians
  5 deep elf annihilators
  5 purple draconians
  11 ettins
  A blizzard demon (Zot:2)
  A fire dragon (shapeshifter) (Vaults:2)
  7 deep elf death magi
  3 yaktaur captains
  3 great orbs of eyes
  Josephine (Orc:2)
  5 fire dragons
  4 deep elf high priests
  7 ice dragons
  A great orb of eyes (shapeshifter) (Vaults:4)
  2 rakshasas
  7 hydras
  2 catoblepae (Lair:6)
  28 vault guards
  2 death knights
  5 alligators
  2 spriggan air magi (Depths:3)
  3 tengu warriors
  8 centaur warriors
  A shambling mangrove (Swamp:2)
  24 two-headed ogres
  3 deep troll earth magi
  A ghost crab (Swamp:2)
  9 ogre magi
  6 deep troll shamans
  2 death yaks (Lair:6)
  18 dancing weapons
  2 vampire magi (Depths:4)
  4 orc high priests (Orc:2)
  2 spriggan berserkers (Depths:3)
  A soul eater (Zot:1)
  A fire crab (shapeshifter) (Elf:1)
  13 deep elf knights
  7 skeletal warriors
  2 fire crabs
  2 shadow wraiths
  2 small abominations
  A spark wasp zombie (Depths:2)
  A cherub (Zot:5)
  5 flayed ghosts
  4 wizards
  11 ironbrand convokers
  A glowing orange brain (Vaults:1)
  12 deep trolls
  8 swamp dragons
  2 necromancers
  A lindwurm (Swamp:4)
  A golden dragon skeleton (Depths:2)
  15 deep elf archers
  13 orb spiders
  A harpy (shapeshifter) (Vaults:2)
  An orc sorcerer (Vaults:1)
  10 wolf spiders
  13 orc knights
  3 phantasmal warriors
  8 cyclopes
  13 ugly things
  33 deep elf magi
  A tengu skeleton (Depths:2)
  8 slime creatures
  A manticore (Lair:6)
  A moth of wrath (shapeshifter) (Depths:1)
  3 salamanders (Depths:2)
  2 moths of wrath
  A cyclops (shapeshifter) (Depths:4)
  A guardian serpent (shapeshifter) (Vaults:1)
  2 black mambas
  A rust devil (Zot:5)
  9 vault sentinels
  3 elephants (Lair:5)
  A centaur zombie (D:15)
  An orange demon (Depths:3)
  6 spiny frogs
  30 yaktaurs
  2 spiny frogs (shapeshifter)
  2 gargoyles
  2 efreet
  A kobold demonologist (D:15)
  7 demonic crawlers
  A redback zombie (Spider:4)
  A yaktaur (shapeshifter) (Vaults:4)
  4 komodo dragons
  3 tengu conjurers
  6 freezing wraiths
  A troll (D:15)
  A hellwing (Depths:3)
  A jumping spider (shapeshifter) (Vaults:5)
  17 jumping spiders
  2 meliai (D:14)
  A human zombie (Vaults:5)
  15 hornets
  6 tyrant leeches
  7 bog bodies
  4 blink frogs
  2 hippogriffs
  A meliai zombie (D:15)
  3 blink frogs (shapeshifter)
  A stone giant simulacrum (Vaults:2)
  43 redbacks
  Sigmund (D:3)
  A shadow (Swamp:2)
  A water elemental (Elf:3)
  A wyvern (Lair:3)
  5 spriggans
  22 yaks
  8 tarantellas
  A ynoxinul (Depths:3)
  5 fire elementals
  5 wraiths
  A fire bat (Depths:2)
  A hungry ghost (D:14)
  10 vampire mosquitoes
  4 steam dragons (Swamp:4)
  A spriggan simulacrum (Depths:2)
  12 swamp worms
  A deep troll skeleton (Vaults:4)
  3 wargs
  14 insubstantial wisps
  3 acid dragons
  4 hell hounds (Spider:1)
  5 water moccasins
  12 swamp drakes
  A floating eye (Depths:3)
  28 orc warriors
  4 porcupines
  An ice beast (D:12)
  2 phantoms (D:11)
  A hornet zombie (D:12)
  2 sky beasts
  A necrophage (D:12)
  An ice beast (shapeshifter) (Vaults:1)
  21 ogres
  8 boggarts
  9 centaurs
  5 wolves (Lair:3)
  A human skeleton (Vaults:4)
  A centaur (shapeshifter) (Vaults:1)
  4 crocodiles
  A wyvern zombie (D:15)
  6 bullfrogs
  A deep troll simulacrum (Vaults:3)
  2 earth elementals
  A glowing shapeshifter simulacrum (Vaults:4)
  A scorpion (D:8)
  5 killer bees (D:14)
  3 wights
  3 howler monkeys (D:12)
  An electric eel (Lair:5)
  2 quasits
  3 crimson imps
  A bullfrog zombie (D:7)
  23 orc priests
  2 jellies
  10 orc wizards
  4 centaur skeletons
  5 worker ants
  A worker ant zombie (D:11)
  An adder (D:3)
  A shadow imp (D:11)
  A white imp (Depths:3)
  3 leopard geckos
  67 orcs
  5 hobgoblins (Orc:1)
  7 kobolds
  A quokka (D:3)
  2 briar patches (Swamp:4)
  7 bushes
  A crawling corpse (Elf:3)
  11 fungi
  18 plants
1221 creatures vanquished.

Vanquished Creatures (others)
  5 profane servitors
  3 bone dragons
  12 ghouls
  A Killer Klown zombie (Zot:5)
  A spriggan defender (Depths:5)
  A spectral titan (Zot:2)
  10 vampire knights
  A Killer Klown skeleton (Zot:3)
  A purple draconian (Zot:2)
  A spectral draconian (Zot:5)
  A very ugly thing zombie (Depths:5)
  5 quicksilver dragon zombies
  2 spectral frost giants (Depths:3)
  A hydra (Swamp:4)
  2 spectral elves (Elf:3)
  4 storm dragon zombies
  10 skeletal warriors
  2 golden dragon zombies
  A spectral spriggan (Depths:4)
  A ghost moth zombie (Spider:2)
  8 flayed ghosts
  4 shadow dragon zombies
  2 ugly thing zombies
  2 frost giant zombies
  9 phantasmal warriors
  4 draconian zombies
  A fire giant zombie (Depths:4)
  An iron dragon zombie (Depths:4)
  4 wolf spider zombies
  A draconian skeleton (Zot:3)
  5 purple draconian zombies
  A black draconian zombie (Zot:3)
  2 white draconian zombies
  2 green draconian zombies
  20 redback zombies
  An emperor scorpion zombie (Spider:2)
  3 red draconian zombies
  2 death yak zombies (Lair:6)
  A spectral human (Vaults:5)
  2 yellow draconian zombies
  A death yak skeleton (Lair:6)
  A purple draconian skeleton (Zot:3)
  7 human zombies (Vaults:5)
  2 red draconian skeletons
  2 ghoul skeletons
  2 demonic crawler zombies
  A jumping spider (Spider:1)
  4 jumping spider zombies
  6 moth of wrath zombies
  A hornet (Depths:5)
  8 tarantella zombies
  2 ice dragon zombies (Depths:5)
  6 flying skulls
  A spriggan (Depths:5)
  3 wraiths
  12 vampires
  A spriggan zombie (Depths:5)
  4 orb spider zombies
  A deep troll zombie (Depths:5)
  2 spiny frog zombies (Lair:5)
  A slave (D:7)
  2 hornet zombies
  4 swamp drakes (Swamp:4)
  2 elephant zombies
  A vampire mosquito zombie (Swamp:4)
  2 elephant skeletons
  A rime drake zombie (Lair:6)
  6 yaktaur zombies
  A hippogriff zombie (Lair:3)
  A hell hound zombie (Spider:1)
  A cyclops zombie (D:10)
  A hippogriff skeleton (D:9)
  A human skeleton (Vaults:3)
  A warg zombie (Vaults:2)
  8 yak zombies
  A troll zombie (D:10)
  A tengu zombie (Depths:4)
  4 wights
  A yak skeleton (Lair:6)
  3 bullfrog zombies
  2 black bear zombies
  4 centaur zombies
  2 orc wizards
  A killer bee zombie (D:9)
  2 crocodile zombies
  An ogre zombie (D:9)
  3 sky beast zombies
  An acid dragon zombie (Vaults:2)
  A hound zombie (D:8)
  2 mummies
  A scorpion zombie (Spider:2)
  2 elf zombies
  An orc skeleton (D:9)
  An orc (D:7)
  15 orc zombies
  A rat (D:2)
  3 fungi
  17 plants
310 creatures vanquished.

Grand Total: 2707 creatures vanquished

Notes
Turn   | Place    | Note
-------+----------+-------------------------------------------
     0 | D:1      | Pingvinix the Hill Orc Fighter began the quest for the Orb.
     0 | D:1      | Reached XP level 1. HP: 19/19 MP: 1/1
    97 | D:1      | Reached XP level 2. HP: 24/26 MP: 2/2
   451 | D:1      | Reached XP level 3. HP: 31/31 MP: 3/3
   933 | D:2      | Found a radiant altar of Vehumet.
   946 | D:2      | Found a hazy altar of Hepliaklqana.
  1031 | D:2      | Found a hide-covered altar of Uskayaw.
  1049 | D:2      | Noticed a +0 dagger
  1056 | D:2      | Noticed a +0 dagger
  1072 | D:2      | Reached XP level 4. HP: 33/39 MP: 4/4
  1249 | D:2      | Found a shattered altar of Ashenzari.
  1351 | D:2      | Reached skill level 5 in Maces & Flails
  1423 | D:3      | Noticed Sigmund
  1587 | D:3      | Found a sacrificial altar of Ru.
  1736 | D:4      | Found a staircase to the Ecumenical Temple.
  1757 | Temple   | Entered the Ecumenical Temple
  2060 | Temple   | Became a worshipper of Yredelemnul the Dark
  2209 | D:4      | Found a shimmering blue altar of Sif Muna.
  2228 | D:4      | Found a white marble altar of Elyvilon.
  2312 | D:4      | Noticed Blork the orc
  2320 | D:5      | Entered Level 5 of the Dungeon
  2426 | D:4      | Reached XP level 5. HP: 45/45 MP: 5/5
  2526 | D:4      | Killed Blork the orc
  2953 | D:4      | Found a stormy altar of Qazlal.
  3142 | D:5      | Reached XP level 6. HP: 41/51 MP: 6/6
  3226 | D:5      | Found a sparkling altar of Nemelex Xobeh.
  3859 | D:5      | Reached XP level 7. HP: 44/57 MP: 7/7
  4008 | D:5      | Reached skill level 4 in Fighting
  4111 | D:5      | Found an ancient bone altar of Kikubaaqudgha.
  4291 | D:6      | Reached * piety under Yredelemnul
  4302 | D:6      | Found a glowing drain.
  4414 | Sewer    | Entered a sewer
  4576 | Sewer    | Found a white marble altar of Elyvilon.
  4634 | D:6      | Found an opulent altar of Gozag.
  4746 | D:6      | Noticed Dowan
  4830 | D:6      | Noticed Duvessa
  4901 | D:6      | Killed Duvessa
  4901 | D:6      | Reached XP level 8. HP: 59/67 MP: 8/8
  4904 | D:6      | Killed Dowan
  5079 | D:6      | Reached skill level 5 in Fighting
  5300 | D:6      | Found a runed translucent door.
  5301 | D:6      | Noticed Crazy Yiuf
  5323 | D:6      | Your ally Dowan died
  5325 | D:6      | Killed Crazy Yiuf
  5590 | D:7      | Reached skill level 5 in Armour
  5590 | D:7      | Reached skill level 5 in Shields
  5898 | D:7      | Noticed Pikel
  5932 | D:7      | Killed Pikel
  5932 | D:7      | Reached skill level 6 in Fighting
  5932 | D:7      | Reached XP level 9. HP: 46/78 MP: 9/9
  6099 | D:7      | Found a shadowy altar of Dithmenos.
  6341 | D:7      | Found an ornate altar of the Wu Jian Council.
  6345 | D:7      | Found an opulent altar of Gozag.
  6458 | D:7      | Got a smoking helmet
  6459 | D:7      | Identified the +1 helmet of Maojos {rElec MR++} (You found
                  | it on level 7 of the Dungeon)
  6907 | D:8      | Reached ** piety under Yredelemnul
  6919 | D:8      | Reached skill level 1 in Invocations
  7058 | D:8      | Reached skill level 7 in Fighting
  7072 | D:8      | Found a staircase to the Lair.
  7134 | D:8      | Noticed a two-headed ogre
  7149 | D:8      | Killed a two-headed ogre
  7149 | D:8      | Reached skill level 10 in Maces & Flails
  7376 | D:8      | Noticed a hornet
  7403 | D:8      | Got a transparent quarterstaff
  7488 | D:8      | Noticed a hornet
  7499 | D:8      | Killed a hornet
  7499 | D:8      | Reached XP level 10. HP: 86/86 MP: 12/12
  7822 | D:9      | Got a dazzling dagger
  7826 | D:9      | Identified the +6 dagger of the Unkillable {pierce, Str+6}
                  | (You found it on level 9 of the Dungeon)
  7871 | D:9      | Noticed a two-headed ogre
  7883 | D:9      | Killed a two-headed ogre
  8094 | D:9      | Reached skill level 8 in Fighting
  8427 | D:9      | Noticed a two-headed ogre
  8442 | D:9      | Killed a two-headed ogre
  8442 | D:9      | Reached skill level 5 in Invocations
  8718 | D:9      | Reached *** piety under Yredelemnul
  9014 | D:9      | Reached XP level 11. HP: 95/95 MP: 14/14
  9112 | D:9      | Reached skill level 9 in Fighting
  9150 | D:9      | Identified the ring of Free Expression {EV+2 Str+4}
  9150 | D:9      | Noticed a centaur warrior
  9163 | D:9      | Killed a centaur warrior
  9219 | D:9      | Noticed a two-headed ogre
  9262 | D:9      | Killed a two-headed ogre
  9538 | D:9      | Found a staircase to the Orcish Mines.
  9593 | D:9      | Found a roughly hewn altar of Beogh.
 10003 | D:9      | Noticed a two-headed ogre
 10018 | D:9      | Killed a two-headed ogre
 10018 | D:9      | Received a gift from Yredelemnul (a mummy)
 10037 | D:10     | Entered Level 10 of the Dungeon
 10087 | D:10     | Found the +2 ratskin cloak {+Rats rPois rN+ Str-1 Int-1
                  | Dex+1}
 10088 | D:10     | Noticed an ogre mage
 10201 | D:10     | Found a transporter.
 10201 | D:10     | Found a transporter.
 10202 | D:10     | Noticed an orc high priest
 10206 | D:10     | Noticed a cyclops
 10208 | D:10     | Found a roughly hewn altar of Beogh.
 10261 | D:10     | Reached skill level 10 in Fighting
 11263 | D:10     | Killed an ogre mage
 11273 | D:10     | Killed a cyclops
 11274 | D:10     | Reached **** piety under Yredelemnul
 11301 | D:10     | Noticed a sun demon
 11784 | D:10     | Killed an orc high priest
 12023 | D:11     | Noticed a green ugly thing
 12345 | Lair:1   | Entered Level 1 of the Lair of Beasts
 12355 | Lair:1   | Received a gift from Yredelemnul (4 flying skulls)
 12565 | Lair:1   | Reached skill level 1 in Axes
 12583 | Lair:1   | Reached skill level 10 in Shields
 12591 | Lair:1   | Reached XP level 12. HP: 89/108 MP: 15/15
 13471 | Lair:2   | Reached skill level 10 in Armour
 13603 | Lair:2   | Noticed a four-headed hydra
 13610 | Lair:2   | Killed a four-headed hydra
 13610 | Lair:2   | Reached skill level 11 in Fighting
 13615 | Lair:2   | Received a gift from Yredelemnul (a wight)
 13744 | Lair:2   | Found a hole to the Spider Nest.
 13911 | Lair:2   | Reached skill level 5 in Axes
 14566 | Lair:3   | Noticed a four-headed hydra
 14586 | Lair:3   | Killed a four-headed hydra
 14844 | Lair:3   | Noticed a four-headed hydra
 14862 | Lair:3   | Killed a four-headed hydra
 15133 | Lair:3   | Reached ***** piety under Yredelemnul
 15410 | Lair:3   | Received a gift from Yredelemnul (a mummy)
 15851 | Lair:4   | Got a twisted morningstar
 15852 | Lair:4   | Identified the +7 morningstar of Equilibrium {freeze, -Tele
                  | rF+ MR+ Str+7} (You found it on level 4 of the Lair of
                  | Beasts)
 16442 | Lair:4   | Noticed a seven-headed hydra
 16454 | Lair:4   | Killed a seven-headed hydra
 16467 | Lair:4   | Noticed a seven-headed hydra
 16474 | Lair:4   | Killed a seven-headed hydra
 16480 | Lair:4   | Found a staircase to the Swamp.
 16550 | Lair:4   | Received a gift from Yredelemnul (a wight)
 16730 | Lair:5   | Reached XP level 13. HP: 115/117 MP: 17/17
 16903 | Lair:5   | Found a runed translucent door.
 16903 | Lair:5   | Found a viscous altar of Jiyva.
 16906 | Lair:5   | Found a staircase to the Slime Pits.
 16942 | Lair:5   | Reached skill level 12 in Fighting
 17778 | Lair:6   | Entered Level 6 of the Lair of Beasts
 17845 | Lair:5   | Received a gift from Yredelemnul (a wight)
 17988 | Lair:6   | Received a gift from Yredelemnul (a wight)
 18541 | Lair:6   | Received a gift from Yredelemnul (a wraith)
 18856 | Lair:6   | Received a gift from Yredelemnul (a phantasmal warrior)
 19171 | Spider:1 | Entered Level 1 of the Spider Nest
 19213 | Spider:1 | Reached XP level 14. HP: 127/127 MP: 20/20
 19256 | Spider:1 | You fall into a shaft and drop 1 floor!
 19297 | Spider:2 | Received a gift from Yredelemnul (a phantasmal warrior)
 19340 | Spider:2 | Reached skill level 13 in Fighting
 19356 | Spider:1 | Noticed an emperor scorpion
 19371 | Spider:1 | Killed an emperor scorpion
 19375 | Spider:1 | Noticed Louise
 19635 | Spider:1 | Killed Louise
 19938 | Spider:1 | Reached ****** piety under Yredelemnul
 19941 | Spider:1 | Received a gift from Yredelemnul (a wraith)
 19950 | Spider:1 | Noticed Azrael
 19956 | Spider:1 | Killed Azrael
 20141 | Spider:2 | Received a gift from Yredelemnul (2 flying skulls)
 20176 | Spider:2 | Found the ring of Robustness {AC+8}
 20262 | Spider:2 | Noticed a ghost moth
 20277 | Spider:2 | Killed a ghost moth
 20511 | Spider:2 | Noticed an emperor scorpion
 20529 | Spider:2 | Killed an emperor scorpion
 20593 | Spider:2 | Noticed an emperor scorpion
 20611 | Spider:2 | Killed an emperor scorpion
 20717 | Spider:2 | Noticed an emperor scorpion
 20740 | Spider:2 | Killed an emperor scorpion
 20740 | Spider:2 | Reached skill level 15 in Maces & Flails
 20791 | Spider:2 | Reached skill level 10 in Invocations
 20820 | Spider:2 | Noticed an emperor scorpion
 20840 | Spider:2 | Killed an emperor scorpion
 21083 | Spider:2 | Paralysed by a hornet for 1 turns
 21463 | Spider:3 | Noticed Bai Suzhen
 21513 | Spider:2 | Reached XP level 15. HP: 79/137 MP: 22/22
 22336 | Spider:3 | Received a gift from Yredelemnul (a skeletal warrior)
 22624 | Spider:3 | Reached skill level 1 in Evocations
 22631 | Spider:3 | Received a gift from Yredelemnul (a wraith)
 23315 | Spider:3 | Reached skill level 14 in Fighting
 23322 | Spider:3 | Received a gift from Yredelemnul (a vampire knight)
 23679 | Spider:3 | Noticed Arachne
 23697 | Spider:3 | Killed Arachne
 24190 | Spider:4 | Entered Level 4 of the Spider Nest
 24231 | Spider:4 | Received a gift from Yredelemnul (a vampire knight)
 24431 | Spider:4 | Noticed an emperor scorpion
 24433 | Spider:4 | Noticed an emperor scorpion
 24451 | Spider:4 | Received a gift from Yredelemnul (a vampire knight)
 24458 | Spider:4 | Killed an emperor scorpion
 24469 | Spider:4 | Killed an emperor scorpion
 24777 | Spider:4 | Noticed an emperor scorpion
 24785 | Spider:4 | Killed an emperor scorpion
 24843 | Spider:4 | Received a gift from Yredelemnul (a phantasmal warrior)
 24852 | Spider:4 | Noticed a ghost moth
 24853 | Spider:4 | Noticed an emperor scorpion
 24854 | Spider:4 | Noticed an emperor scorpion
 24858 | Spider:4 | Noticed an emperor scorpion
 24869 | Spider:4 | Killed an emperor scorpion
 24874 | Spider:4 | Killed a ghost moth
 24875 | Spider:4 | Killed an emperor scorpion
 24877 | Spider:4 | Killed an emperor scorpion
 24898 | Spider:4 | Noticed a ghost moth
 24905 | Spider:4 | Killed a ghost moth
 24992 | Spider:4 | Got a gossamer rune of Zot
 25108 | Spider:4 | Noticed Roxanne
 25115 | Spider:4 | Reached XP level 16. HP: 147/147 MP: 23/23
 25119 | Spider:4 | Received a gift from Yredelemnul (a profane servitor)
 25210 | Spider:4 | Got a warped scale mail
 25211 | Spider:4 | Identified the +1 scale mail of Ulang {rPois MP+9} (You
                  | found it on level 4 of the Spider Nest)
 25313 | Spider:4 | Killed Roxanne
 25331 | Spider:4 | Received a gift from Yredelemnul (a vampire)
 25432 | Spider:4 | Noticed Aizul
 25439 | Spider:4 | Killed Aizul
 25536 | Spider:4 | Received a gift from Yredelemnul (a vampire knight)
 25715 | Swamp:1  | Entered Level 1 of the Swamp
 26518 | Swamp:2  | Received a gift from Yredelemnul (a profane servitor)
 26762 | Swamp:2  | Noticed Frances
 26771 | Swamp:2  | Killed Frances
 26772 | Swamp:2  | Received a gift from Yredelemnul (a vampire)
 26778 | Swamp:2  | Reached skill level 5 in Evocations
 26796 | Swamp:2  | Found an ancient bone altar of Kikubaaqudgha.
 27218 | Swamp:2  | Received a gift from Yredelemnul (a phantasmal warrior)
 27579 | Swamp:2  | Identified a scroll of acquirement
 27580 | Swamp:2  | Got a transparent cloak
 27581 | Swamp:2  | Identified the +5 cloak of Honour {Int+4} (You acquired it
                  | on level 2 of the Swamp)
 27761 | Swamp:3  | Received a gift from Yredelemnul (a vampire)
 28364 | Swamp:4  | Entered Level 4 of the Swamp
 28378 | Swamp:4  | Killed a thorn hunter
 28378 | Swamp:4  | Reached skill level 15 in Shields
 28397 | Swamp:4  | Reached skill level 15 in Fighting
 28496 | Swamp:4  | Noticed a thorn hunter
 28509 | Swamp:4  | Received a gift from Yredelemnul (a vampire knight)
 28510 | Swamp:4  | Killed a thorn hunter
 28515 | Swamp:4  | Reached skill level 15 in Armour
 28630 | Swamp:4  | Received a gift from Yredelemnul (a ghoul)
 29384 | Swamp:4  | Got a decaying rune of Zot
 29744 | D:3      | Killed Sigmund
 29783 | D:3      | Found a faded altar of an unknown god.
 30255 | Orc:1    | Entered Level 1 of the Orcish Mines
 30296 | Orc:1    | Received a gift from Yredelemnul (a vampire)
 30685 | Orc:1    | Received a gift from Yredelemnul (a ghoul)
 30810 | Orc:2    | Entered Level 2 of the Orcish Mines
 30813 | Orc:2    | Found a staircase to the Elven Halls.
 30814 | Orc:2    | Noticed Jorgrun
 30821 | Orc:2    | Killed Jorgrun
 30833 | Orc:2    | Received a gift from Yredelemnul (a skeletal warrior)
 30840 | Orc:2    | Noticed Donald
 30852 | Orc:2    | Killed Donald
 30852 | Orc:2    | Reached XP level 17. HP: 87/156 MP: 18/24
 30854 | Orc:2    | Received a gift from Yredelemnul (a ghoul)
 31128 | Orc:2    | Received a gift from Yredelemnul (a bone dragon)
 31214 | Orc:2    | Noticed Josephine
 31215 | Orc:2    | Received a gift from Yredelemnul (a ghoul)
 31221 | Orc:2    | Killed Josephine
 31627 | Orc:2    | Found Miott's Jewellery Emporium.
 31627 | Orc:2    | Found Xut Wao's Assorted Antiques.
 31628 | Orc:2    | Found Null's Food Shoppe.
 31628 | Orc:2    | Found Jeteufiu's General Store.
 31639 | Orc:2    | Bought a scroll of teleportation for 33 gold pieces
 31639 | Orc:2    | Bought a scroll of teleportation for 33 gold pieces
 31640 | Orc:2    | Bought a scroll of magic mapping for 112 gold pieces
 31640 | Orc:2    | Bought a vibrating wooden ring for 160 gold pieces
 31648 | Orc:2    | Bought a granite ring for 160 gold pieces
 31653 | Orc:2    | Identified the ring "Fule Wai" {rPois Int+4 Dex+3} (You
                  | bought it in a shop on level 2 of the Orcish Mines)
 31776 | Elf:1    | Entered Level 1 of the Elven Halls
 31801 | Elf:1    | Found a radiant altar of Vehumet.
 31899 | Elf:1    | Found Hadwal's Distillery.
 31905 | Elf:1    | Bought a potion of mutation for 112 gold pieces
 31905 | Elf:1    | Bought a potion of flight for 42 gold pieces
 31905 | Elf:1    | Bought 2 potions of resistance for 280 gold pieces
 31905 | Elf:1    | Bought a potion of invisibility for 112 gold pieces
 31905 | Elf:1    | Bought a potion of agility for 56 gold pieces
 31998 | Elf:1    | Got a heavily runed chain mail
 32044 | Elf:1    | Found Gaucu's Food Emporium.
 32263 | Elf:1    | Found Hiyn's Distillery.
 32348 | Elf:1    | Bought a potion of lignification for 33 gold pieces
 32348 | Elf:1    | Bought a potion of haste for 110 gold pieces
 32348 | Elf:1    | Bought a potion of degeneration for 11 gold pieces
 32348 | Elf:1    | Bought a potion of heal wounds for 55 gold pieces
 32348 | Elf:1    | Bought a potion of mutation for 88 gold pieces
 32571 | Elf:1    | Found Camuc's Book Boutique.
 32773 | Elf:2    | Found Xofebli's Assorted Antiques.
 32787 | Elf:2    | Found a shimmering altar of Xom.
 32833 | Elf:2    | Reached skill level 16 in Fighting
 32901 | Elf:2    | Found a ruined gateway.
 32910 | Desolati | Entered the Desolation of Salt
 32939 | Elf:2    | Found a runed translucent door.
 32939 | Elf:2    | Noticed Hulashix's ghost (journeyman MiBe)
 32974 | Elf:2    | Killed Hulashix's ghost
 32976 | Elf:2    | Got a faintly glowing lead ring
 33004 | Elf:2    | Identified the ring of the Distant Future {rPois rCorr MP+9
                  | Int-5 Dex+3} (You found it on level 2 of the Elven Halls)
 33277 | Elf:2    | Found a huge runed translucent gate.
 33277 | Elf:2    | Found a huge runed translucent gate.
 33277 | Elf:2    | Found a huge runed translucent gate.
 33277 | Elf:2    | Found a huge runed translucent gate.
 33277 | Elf:2    | Found a huge runed translucent gate.
 33491 | Elf:2    | Received a gift from Yredelemnul (a ghoul)
 33528 | Elf:2    | Received a gift from Yredelemnul (a vampire)
 33947 | Elf:3    | Entered Level 3 of the Elven Halls
 34032 | Elf:3    | Received a gift from Yredelemnul (a vampire)
 34609 | Elf:3    | Noticed a Brimstone Fiend
 34615 | Elf:3    | Reached XP level 18. HP: 149/167 MP: 17/25
 34615 | Elf:3    | Noticed a deep elf master archer
 34622 | Elf:3    | Noticed a deep elf master archer
 34623 | Elf:3    | Noticed a deep elf blademaster
 34623 | Elf:3    | Noticed a Hell Sentinel
 34631 | Elf:3    | Killed a deep elf blademaster
 34637 | Elf:3    | Killed a deep elf master archer
 34712 | Elf:3    | Killed a deep elf master archer
 34713 | Elf:3    | Received a gift from Yredelemnul (a vampire knight)
 34987 | Elf:3    | Noticed a Hell Sentinel
 35021 | Elf:3    | Received a gift from Yredelemnul (a ghoul)
 35273 | Elf:3    | Noticed a deep elf master archer
 35280 | Elf:3    | Killed a deep elf master archer
 35423 | Elf:3    | Identified the +8 rapier of Extermination {venom, rN+ Str+5
                  | Stlth-}
 35455 | Elf:3    | Identified the cursed ring of Ephemeral Luck {rPois Dex-3}
 35625 | Elf:3    | Got a vibrating bone ring
 35639 | Elf:3    | Identified Tixtote's Compendium of Black Rites and
                  | Protection
 35694 | Elf:3    | Identified Sif Muna's Almanac of Ashen Envenoming
 35717 | Elf:3    | Identified the Tome of Quantum Ice
 35737 | Elf:3    | Identified the ring "Rewuzist" {AC+3 Str-5 Int+4 Dex+2}
                  | (You found it on level 3 of the Elven Halls)
 35760 | Elf:3    | Identified the +1 chain mail of the Little Devil {rElec
                  | Regen+ Dex-4} (You found it on level 1 of the Elven Halls)
 36156 | D:11     | Reached skill level 1 in Short Blades
 36986 | D:12     | Received a gift from Yredelemnul (a phantasmal warrior)
 37337 | D:12     | Received a gift from Yredelemnul (a phantasmal warrior)
 37524 | D:12     | Found a blossoming altar of Fedhas.
 37660 | D:13     | Found a gate to the Vaults.
 37683 | D:13     | Reached skill level 17 in Fighting
 37700 | D:13     | Received a gift from Yredelemnul (a vampire)
 38117 | D:13     | Received a gift from Yredelemnul (a skeletal warrior)
 38746 | D:14     | Found a transporter.
 38786 | D:14     | Found a bloodstained altar of Trog.
 38786 | D:14     | Identified the +9 scimitar of Abilun {elec, rN+ Str-4
                  | Stlth+}
 38790 | D:14     | Identified the +6 scimitar of Equilibrium {venom, +Fly rF+
                  | Str-2 Int+3 Dex+2}
 38816 | D:14     | Found a transporter.
 38817 | D:14     | Identified the +8 great mace "Aceijesiwn" {venom, rC+ SInv}
 38818 | D:14     | Noticed Uummannaq's ghost (journeyman MiFi)
 38836 | D:14     | Received a gift from Yredelemnul (a flayed ghost)
 38863 | D:14     | Received a gift from Yredelemnul (a bone dragon)
 39043 | D:14     | Killed Uummannaq's ghost
 39415 | D:14     | Got an ancient ring mail
 39416 | D:14     | Identified the cursed +1 ring mail of Pymn {*Slow +Blink
                  | +Inv} (You found it on level 14 of the Dungeon)
 39458 | D:14     | Got a pair of spiked gloves
 39466 | D:14     | Identified the +2 pair of gloves of the Old World {rPois
                  | rC+ Slay+2} (You found it on level 14 of the Dungeon)
 39508 | D:14     | Reached skill level 1 in Long Blades
 40118 | D:15     | Entered Level 15 of the Dungeon
 40200 | D:15     | Reached XP level 19. HP: 177/177 MP: 26/26
 40246 | D:15     | Found Jenwuez's Armour Shoppe.
 40287 | D:15     | Found Bikkeoqo's Magic Scroll Shop.
 40294 | D:15     | Bought a scroll of identify for 34 gold pieces
 40294 | D:15     | Bought a scroll of identify for 34 gold pieces
 40294 | D:15     | Bought a scroll of acquirement for 884 gold pieces
 40295 | D:15     | Got a pitted double sword
 40296 | D:15     | Identified the +6 double sword of Moderation {chaos, Dex+7}
                  | (You acquired it on level 15 of the Dungeon)
 40507 | D:15     | Found Diemeq's Antique Weapon Emporium.
 40600 | D:15     | Found Asolad's Antique Armour Boutique.
 40631 | D:15     | Received a gift from Yredelemnul (a vampire)
 40645 | D:15     | Found a staircase to the Depths.
 40874 | D:15     | Found Deigimnu's Antique Armour Shoppe.
 41063 | Vaults:1 | Entered Level 1 of the Vaults
 41124 | Vaults:1 | Found Moet's General Store.
 41132 | Vaults:1 | Bought a scroll of identify for 32 gold pieces
 41161 | Vaults:1 | Found Uduont's Food Boutique.
 41242 | Vaults:1 | Received a gift from Yredelemnul (a ghoul)
 41272 | Vaults:1 | Reached skill level 5 in Long Blades
 41481 | Vaults:1 | Reached skill level 18 in Fighting
 41502 | Vaults:1 | Received a gift from Yredelemnul (a vampire knight)
 41608 | Vaults:1 | Noticed a tentacled monstrosity
 41613 | Vaults:1 | Killed a tentacled monstrosity
 41863 | Vaults:1 | Found Hamuo's Book Boutique.
 42094 | Vaults:1 | Found a runed translucent gate.
 42094 | Vaults:1 | Found a runed translucent gate.
 42094 | Vaults:1 | Noticed a tentacled monstrosity
 42094 | Vaults:1 | Noticed a tentacled monstrosity
 42095 | Vaults:1 | Found a runed translucent gate.
 42120 | Vaults:1 | Killed a tentacled monstrosity
 42121 | Vaults:1 | Received a gift from Yredelemnul (a vampire knight)
 42124 | Vaults:1 | Found a runed translucent gate.
 42124 | Vaults:1 | Found a runed translucent gate.
 42124 | Vaults:1 | Killed a tentacled monstrosity
 42127 | Vaults:1 | Noticed Kipt's ghost (adept SpFE)
 42131 | Vaults:1 | Found a runed translucent gate.
 42170 | Vaults:1 | Found Lumyirph's Book Shoppe.
 42598 | Vaults:2 | Found a runed translucent door.
 42598 | Vaults:2 | Noticed SlowGraham's ghost (legendary KoMo)
 42853 | Vaults:2 | Noticed Asterion
 42863 | Vaults:2 | Killed Asterion
 43050 | Vaults:2 | Found Fayle's Antique Armour Emporium.
 43056 | Vaults:2 | Found Viydogas's General Store.
 43062 | Vaults:2 | Found Pannuusi's Magic Scroll Emporium.
 43071 | Vaults:2 | Bought a scroll of identify for 32 gold pieces
 43071 | Vaults:2 | Bought a scroll of identify for 32 gold pieces
 43071 | Vaults:2 | Bought a scroll of identify for 32 gold pieces
 43071 | Vaults:2 | Bought a scroll of identify for 32 gold pieces
 43316 | Vaults:2 | Reached skill level 19 in Fighting
 43316 | Vaults:2 | Received a gift from Yredelemnul (a flayed ghost)
 43676 | Vaults:2 | Reached XP level 20. HP: 188/191 MP: 27/27
 43683 | Vaults:2 | Received a gift from Yredelemnul (a vampire)
 43837 | Vaults:2 | Identified the ring of Fuicah {*Tele *Contam rN+++ MR+ MP+9
                  | Dex+2}
 44281 | Vaults:2 | Got an ivory long sword
 44318 | Vaults:2 | Identified the +6 long sword "Cuschumno" {venom, Str+4}
                  | (You found it on level 2 of the Vaults)
 44431 | Vaults:2 | Killed SlowGraham's ghost
 44431 | Vaults:2 | Reached skill level 20 in Fighting
 44624 | Vaults:3 | Received a gift from Yredelemnul (a flayed ghost)
 44883 | Vaults:3 | Found a staircase to the Crypt.
 44883 | Vaults:3 | Found a basalt altar of Yredelemnul.
 44884 | Vaults:3 | Found an ancient bone altar of Kikubaaqudgha.
 45153 | Vaults:3 | Noticed Frederick
 45160 | Vaults:3 | Killed Frederick
 45375 | Vaults:3 | Received a gift from Yredelemnul (a phantasmal warrior)
 45910 | Vaults:4 | Received a gift from Yredelemnul (a skeletal warrior)
 46124 | Vaults:4 | Reached skill level 21 in Fighting
 46432 | Vaults:4 | Received a gift from Yredelemnul (a ghoul)
 46471 | Vaults:4 | Found Gierch's General Store.
 46477 | Vaults:4 | Bought a potion of heal wounds for 90 gold pieces
 46591 | Vaults:4 | Paralysed by a floating eye for 3 turns
 46607 | Vaults:4 | Received a gift from Yredelemnul (a vampire)
 46825 | Vaults:4 | Reached XP level 21. HP: 206/206 MP: 28/28
 47232 | Vaults:5 | Entered Level 5 of the Vaults
 47248 | Vaults:5 | Reached skill level 22 in Fighting
 47547 | Vaults:5 | Identified the Volume of Bewitching Evil
 47667 | Vaults:5 | Received a gift from Yredelemnul (a vampire)
 47684 | Vaults:5 | Identified the Disquisition on Mutagenic Black Rituals
 47784 | Vaults:5 | Received a gift from Yredelemnul (a vampire knight)
 47790 | Vaults:5 | Noticed a golden dragon
 47802 | Vaults:5 | Killed a golden dragon
 48459 | Vaults:5 | Received a gift from Yredelemnul (a profane servitor)
 48486 | Vaults:5 | Identified the cursed +0 chain mail of an ice cave {+Inv
                  | Regen+ Int+3 Dex-3}
 48505 | Vaults:5 | Got a slimy pewter ring
 48726 | Vaults:5 | Reached skill level 23 in Fighting
 48726 | Vaults:5 | Received a gift from Yredelemnul (a skeletal warrior)
 48902 | Vaults:5 | Got a silver rune of Zot
 48957 | Vaults:5 | Identified the ring "Jyeleit" {rN++ MR+ Dex-5} (You took it
                  | off a deep elf annihilator on level 5 of the Vaults)
 49354 | Depths:1 | Entered Level 1 of the Depths
 49726 | Depths:1 | Found Buyph's Weapon Emporium.
 49731 | Depths:1 | Reached XP level 22. HP: 220/220 MP: 29/29
 49810 | Depths:1 | Found a shattered altar of Ashenzari.
 49817 | Depths:1 | Noticed Mara
 49827 | Depths:1 | Noticed Pingvinix's illusion
 49854 | Depths:1 | Killed Mara
 50129 | Depths:1 | Found a gateway to Hell.
 50168 | Depths:1 | Received a gift from Yredelemnul (a flayed ghost)
 50277 | Depths:1 | Found Vamn's Changing Room.
 50468 | Depths:2 | Found a one-way gate to the infinite horrors of the Abyss.
 50690 | Depths:2 | Received a gift from Yredelemnul (a flayed ghost)
 50831 | Depths:2 | Found an iron altar of Okawaru.
 50886 | Depths:2 | Got a pair of encrusted boots
 50887 | Depths:2 | Identified the -4 pair of boots "Sefax" {+Inv rPois Str+6
                  | Dex-4} (You found it on level 2 of the Depths)
 51120 | Depths:2 | Identified the Handbook of Displacement and Poison
 51191 | Depths:3 | Paralysed by a floating eye for 2 turns
 51400 | Depths:3 | Received a gift from Yredelemnul (a skeletal warrior)
 51584 | Depths:3 | Found a one-way gate leading to the halls of Pandemonium.
 51588 | Depths:3 | Gained mutation: You have large cloven feet. [a cacodemon]
 51606 | Depths:3 | Received a gift from Yredelemnul (a flayed ghost)
 51994 | Depths:3 | Received a gift from Yredelemnul (a skeletal warrior)
 52018 | Depths:3 | Reached skill level 24 in Fighting
 52035 | Depths:3 | Received a gift from Yredelemnul (a skeletal warrior)
 52234 | Depths:4 | Noticed Boris
 52247 | Depths:4 | Killed Boris
 52248 | Depths:4 | Received a gift from Yredelemnul (a ghoul)
 52438 | Depths:4 | Noticed a golden dragon
 52452 | Depths:4 | Killed a golden dragon
 52461 | Depths:4 | Received a gift from Yredelemnul (a skeletal warrior)
 52515 | Depths:3 | Noticed a golden dragon
 52535 | Depths:3 | Killed a golden dragon
 52802 | Depths:3 | Noticed a caustic shrike
 52806 | Depths:3 | Noticed a juggernaut
 52821 | Depths:3 | Noticed a golden dragon
 52823 | Depths:3 | Noticed a golden dragon
 52835 | Depths:3 | Killed a juggernaut
 52839 | Depths:3 | Received a gift from Yredelemnul (a flayed ghost)
 52846 | Depths:3 | Killed a golden dragon
 52846 | Depths:3 | Reached XP level 23. HP: 149/231 MP: 22/30
 52848 | Depths:3 | Killed a golden dragon
 52859 | Depths:3 | Identified the Compendium of Ice and Flight
 53003 | Depths:4 | Noticed a juggernaut
 53019 | Depths:4 | Killed a juggernaut
 53102 | Depths:4 | Noticed a golden dragon
 53102 | Depths:4 | Killed a golden dragon
 53506 | Depths:4 | Got a smelly ring mail
 53513 | Depths:4 | Identified the +6 ring mail "Anozxonwe" {MR- Int+4 Dex+3}
                  | (You found it on level 4 of the Depths)
 53646 | Depths:4 | You fall into a shaft and drop 1 floor!
 53646 | Depths:5 | Entered Level 5 of the Depths
 53752 | Depths:4 | Received a gift from Yredelemnul (a flayed ghost)
 53761 | Depths:4 | Killed a juggernaut
 54155 | Depths:5 | Noticed Boris
 54170 | Depths:5 | Killed Boris
 54357 | Depths:5 | Got a serpentine iron amulet
 54358 | Depths:5 | Identified the amulet of Uhonirip {Spirit rPois Int+2
                  | Dex-4} (You found it on level 5 of the Depths)
 54369 | Depths:5 | Found a gateway to a ziggurat.
 54545 | Depths:5 | Received a gift from Yredelemnul (a ghoul)
 54579 | Depths:5 | Noticed a juggernaut
 54589 | Depths:5 | Killed a juggernaut
 54761 | Depths:5 | Received a gift from Yredelemnul (a phantasmal warrior)
 54952 | Depths:5 | Noticed an ancient lich
 54972 | Depths:5 | Killed an ancient lich
 54972 | Depths:5 | Reached skill level 25 in Fighting
 55119 | Depths:5 | Noticed a golden dragon
 55132 | Depths:5 | Killed a golden dragon
 55196 | Depths:5 | Noticed a golden dragon
 55207 | Depths:5 | Killed a golden dragon
 55208 | Depths:5 | Noticed a golden dragon
 55217 | Depths:5 | Killed a golden dragon
 55265 | Depths:5 | Received a gift from Yredelemnul (a profane servitor)
 55305 | Depths:5 | Found a gate to the Realm of Zot.
 55306 | Depths:5 | Noticed a golden dragon
 55331 | Depths:5 | Killed a golden dragon
 55337 | Depths:5 | Received a gift from Yredelemnul (a ghoul)
 55337 | Depths:5 | Reached XP level 24. HP: 135/243 MP: 28/30
 55770 | Zot:1    | Entered Level 1 of the Realm of Zot
 56660 | Zot:1    | Received a gift from Yredelemnul (a profane servitor)
 56932 | Zot:2    | Received a gift from Yredelemnul (a skeletal warrior)
 57462 | Zot:2    | Received a gift from Yredelemnul (a bone dragon)
 58064 | Zot:2    | Reached skill level 10 in Evocations
 58235 | Zot:2    | Received a gift from Yredelemnul (a vampire knight)
 58831 | Zot:2    | Reached skill level 1 in Dodging
 59392 | Zot:3    | Noticed a Killer Klown
 59393 | Zot:3    | Received a gift from Yredelemnul (a skeletal warrior)
 59409 | Zot:3    | Killed a Killer Klown
 59413 | Zot:3    | Noticed an orb of fire
 59427 | Zot:3    | Gained mutation: Your spells are a little easier to cast,
                  | but a little less powerful. [an orb of fire]
 59434 | Zot:3    | Killed an orb of fire
 59783 | Zot:3    | Found a large runed translucent door.
 59783 | Zot:3    | Found a large runed translucent door.
 59803 | Zot:3    | Noticed Juzit's ghost (legendary GnFi)
 59847 | Zot:3    | Reached XP level 25. HP: 115/251 MP: 31/31
 60667 | Zot:3    | Killed Juzit's ghost
 60859 | Zot:5    | Entered Level 5 of the Realm of Zot
 61259 | Zot:4    | Received a gift from Yredelemnul (a vampire)
 61551 | Zot:4    | Reached skill level 26 in Fighting
 61786 | Zot:4    | Reached skill level 5 in Dodging
 62017 | Zot:4    | Received a gift from Yredelemnul (a phantasmal warrior)
 63163 | Zot:5    | Noticed a Killer Klown
 63178 | Zot:5    | Noticed an ancient lich
 63200 | Zot:5    | Killed an ancient lich
 63202 | Zot:5    | Received a gift from Yredelemnul (a ghoul)
 63217 | Zot:5    | Killed a Killer Klown
 63393 | Zot:5    | Noticed an orb of fire
 63401 | Zot:5    | Gained mutation: You are frail. (-10% HP) [an orb of fire]
 63409 | Zot:5    | Gained mutation: You are clumsy. (Dex -2) [an orb of fire]
 63410 | Zot:5    | Gained mutation: You tend to lose your temper in combat.
                  | [an orb of fire]
 63412 | Zot:5    | Killed an orb of fire
 63443 | Zot:5    | Reached XP level 26. HP: 141/237 MP: 31/31
 63663 | Zot:5    | Noticed an ancient lich
 63673 | Zot:5    | Killed an ancient lich
 63720 | Zot:5    | Noticed an ancient lich
 63730 | Zot:5    | Killed an ancient lich
 64002 | Zot:5    | Lost mutation: You tend to lose your temper in combat.
                  | [potion of mutation]
 64002 | Zot:5    | Lost mutation: You have large cloven feet. [potion of
                  | mutation]
 64002 | Zot:5    | Lost mutation: You are clumsy. (Dex -2) [potion of
                  | mutation]
 64002 | Zot:5    | Lost mutation: You are frail. (-10% HP) [potion of
                  | mutation]
 64002 | Zot:5    | Gained mutation: You evolve. [potion of mutation]
 64002 | Zot:5    | Gained mutation: Your body sometimes deteriorates upon
                  | taking damage. [potion of mutation]
 64002 | Zot:5    | Gained mutation: You have large cloven feet. [potion of
                  | mutation]
 64002 | Zot:5    | Gained mutation: You are covered in fur. (AC +1) [potion of
                  | mutation]
 64003 | Zot:5    | Lost mutation: Your body sometimes deteriorates upon taking
                  | damage. [potion of mutation]
 64003 | Zot:5    | Lost mutation: You evolve. [potion of mutation]
 64003 | Zot:5    | Lost mutation: You have large cloven feet. [potion of
                  | mutation]
 64003 | Zot:5    | Gained mutation: You tend to lose your temper in combat.
                  | [potion of mutation]
 64003 | Zot:5    | Gained mutation: Your muscles are strong. (Str +2) [potion
                  | of mutation]
 64003 | Zot:5    | Gained mutation: Your system is resistant to poisons.
                  | (rPois) [potion of mutation]
 64003 | Zot:5    | Gained mutation: You expend magic power (3 MP) to
                  | strengthen your wands. [potion of mutation]
 64107 | Zot:5    | Noticed an ancient lich
 64112 | Zot:5    | Noticed an orb of fire
 64116 | Zot:5    | Noticed an ancient lich
 64117 | Zot:5    | Noticed a Killer Klown
 64149 | Zot:4    | Killed an ancient lich
 64355 | Zot:4    | Killed an orb of fire
 65243 | Zot:4    | Killed an ancient lich
 65404 | Zot:5    | Lost intelligence.
 65796 | Zot:5    | Killed a Killer Klown
 66082 | Zot:5    | Noticed an ancient lich
 66097 | Zot:5    | Killed an ancient lich
 66097 | Zot:5    | Reached skill level 27 in Fighting
 66456 | Zot:5    | Noticed an ancient lich
 66458 | Zot:5    | Noticed a Killer Klown
 66488 | Zot:5    | Killed an ancient lich
 66502 | Zot:5    | Killed a Killer Klown
 67005 | Zot:5    | Noticed an ancient lich
 67014 | Zot:5    | Killed an ancient lich
 67244 | Zot:5    | Got the Orb of Zot
 67275 | Zot:5    | Noticed Ykell the pandemonium lord
 67286 | Zot:5    | Received a gift from Yredelemnul (a profane servitor)
 67408 | Zot:1    | Noticed a seraph
 67432 | Zot:1    | HP: 7/399 [seraph/+7 great sword of flaming (25)]
 67432 | Zot:1    | Mangled by a seraph

Levels and vault maps discovered:
D:1:      wander_arrival_chamber, layout_rooms
D:2:      layout_rooms, dancing_weapons_uskayaw, fiery_altar_vehumet,
          lemuel_doored_altar, old_standard_altar, serial_undead,
          serial_undead_e, serial_undead_f, serial_undead_d, serial_undead_c
D:3:      layout_loops_cross, nicolae_overflow_crystal_walls,
          chequers_ecumenical_altar_simple_redux, first_ration, uniq_sigmund
D:4:      layout_gridville, grunt_qazlal_sundering, elyvilon_altar_4,
          minmay_temple_entry_offerings, led_sif_book, uniq_blork_the_orc
D:5:      layout_cave_pools, lemuel_zombie_altar_kikubaaqudgha,
          nemelex_xobeh_ov_fountains_minmay, kennysheep_dice
D:6:      layout_rooms, portal_sewer_entry_d, nicolae_gozag_seed_capital,
          uniq_duvessa, uniq_crazy_yiuf_cottage
D:7:      layout_basic, minitemple, hangedman_decor_riveting, uniq_pikel
D:8:      layout_basic, dpeg_oklobed_lair
D:9:      minmay_the_grid_3x3 [minmay_the_grid_outer_diamond,
          minmay_the_grid_embedded, minmay_the_grid_doors,
          minmay_the_grid_box_x, minmay_the_grid_all_tris,
          minmay_the_grid_small_cups, minmay_the_grid_odd_star,
          minmay_the_grid_stretched_grid,
          minmay_the_grid_prize_four_corners_diamond_a], layout_basic,
          minmay_orc_entry_temple_small
D:10:     gammafunk_beogh_shrine, layout_basic
D:11:     layout_irregular_city, blue_anna_alchemist [blue_anna_fruit_fields,
          blue_anna_fruit_fields]
D:12:     layout_irregular_city, fedhas_altar_decomposition
D:13:     layout_stronghold, lightli_vaults_fourway_checkpoint
D:14:     layout_loops_ring, minmay_misc_feat_columns,
          gammafunk_ghost_wrathful_warriors, special_room [special_room_bee],
          kennysheep_four_rooms
D:15:     grunt_enter_depths_magical_seal, layout_loops_ring,
          minmay_misc_feat_x, serial_shops, shop, nicolae_shop_trees, shop,
          shop, nicolae_shop_overgrown_old_shop
Temple:   compressed_dpeg_triangle_lava_temple
Lair:1:   layout_layer_cave, beast_lair_carwin_11
Lair:2:   layout_hall_layers, spider_nest_entry_webs, grunt_megastairs_5
Lair:3:   layout_cave_pods, lemuel_fruit_fields
Lair:4:   minmay_lair_oklob_tunnel, layout_gridlike, palyth_hydra_swamp_entry,
          st_stairs_13
Lair:5:   layout_big_grid, slime_altar_2, beast_lair_carwin_3,
          serial_bayou_shore_a, serial_bayou_shore_b
Lair:6:   evilmike_catoblepas_cave, layout_hall_layers
Swamp:1:  layout_basic_swamp, wheals_swamp_sinkhole
Swamp:2:  layout_falls_marsh, nicolae_swamp_fairy_circle, grunt_ruined_hall,
          uniq_frances
Swamp:3:  layout_falls_marsh, hangedman_swamp_ruin_wall, swamp_pool3
Swamp:4:  swamp_fiery, layout_basic_swamp, swamp_pool5
Spider:1: layout_spider_delve, uniq_louise, uniq_azrael
Spider:2: spiders_nest_scorpion_pit, hangedman_spider_tarantella_strand
Spider:3: layout_chambers, uniq_arachne, uniq_bai_suzhen
Spider:4: grunt_spider_rune_circles, spiders_nest_hornet_nest,
          nicolae_spider_cling_ruins, uniq_aizul, uniq_roxanne
Orc:1:    cheibrodos_orc_bank, layout_diamond_mine
Orc:2:    st_orc_pillars, layout_caves, uniq_jorgrun, uniq_donald,
          uniq_josephine
Elf:1:    eino_elf_arrival_altar, layout_geoelf_diagonals, serial_shops,
          shop_fountains, nicolae_shop_trees, shop_statue, shop,
          hangedman_corner_corridor
Elf:2:    layout_loops_ring, serial_shops, nicolae_shop_behind_doors,
          portal_desolation_entry_ruin, ebering_ghost_inner_flame, basic_altar,
          st_stairs_13
Elf:3:    minmay_elf_hall_hex, layout_loops_ring, grunt_ministairs_11
Vaults:1: ploomutoo_gammafunk_vaults_ghost_potion_laboratory, v_misc_24,
          vaults_standard_mumra_lines, hangedman_vaults_slice,
          vaults_dpeg_spiral, v_pattern_4, ontoclasm_vaults_loading_screen,
          nicolae_vaults_little_squares_3, ontoclasm_vaults_chip,
          vaults_room_fours, layout_vaults_quadrants, serial_shops, shop, shop,
          shop, shop
Vaults:2: ebering_vaults_ghost_reflecting_pool, hangedman_vaults_variations,
          st_greater_box_4, v_misc_2, v_alt_pattern_1,
          nicolae_vaults_little_squares_3, ontoclasm_vaults_shuriken, v_misc_8,
          vaults_standard_mumra_x, v_misc_27, hangedman_vaults_pinch, v_misc_14,
          nicolae_vaults_little_squares_1, vaults_room_stairs_pillars,
          layout_vaults_omnibox, serial_shops, nicolae_shop_waterfront, shop,
          shop, uniq_asterion
Vaults:3: hangedman_vaults_stagger, vaults_room_pools, ontoclasm_vaults_tryst,
          v_misc_28, vaults_room_fancy_cross, minmay_crypt_entry_necro_gods,
          hangedman_vaults_nails, v_misc_22, v_misc_14, ontoclasm_vaults_idyll,
          v_misc_18, v_rooms_4, layout_vaults_omnicross, uniq_frederick
Vaults:4: nicolae_vaults_puzzle_piece, grunt_vaults_funnel,
          hangedman_vaults_restitches, ontoclasm_vaults_pinch,
          nicolae_vaults_network_square, ontoclasm_vaults_fault,
          nicolae_vaults_bisected_exclaves, ontoclasm_vaults_ligature,
          hangedman_vaults_unwind, serial_ice_b, vaults_dpeg_encased_lava,
          layout_vaults_ring, serial_shops, shop
Vaults:5
Depths:1: layout_gridlike, hell_entry, evilmike_ruin_ashenzari,
          nicolae_transmutations_shop, kennysheep_generic_room_8,
          minmay_shop_star, uniq_mara
Depths:2: cheibrodos_lost_city_excavation, layout_cave_pools, abyss_entry,
          okawaru_ov_weapons_minmay, hell_entry, serial_sigils_hangedman_shear,
          ebering_dispersal_statue_hall, kennysheep_generic_room_9
Depths:3: evilmike_inaccessible_box, layout_cave_pools,
          grunt_hell_entry_dis_old, grunt_pan_entry_sceptre, fountainhead,
          serial_sigils, serial_sigils_hangedman_gut,
          serial_sigils_hangedman_gnaw, serial_sigils_hangedman_leer,
          serial_sigils_hangedman_stare, abyss_entry_crystal,
          infiniplex_staircase_spiral
Depths:4: minmay_complete_graph, layout_basic, hangedman_abyss_entry_splay,
          dk_noncrumbling_3, pf_coc_iceberg, grunt_pan_entry_spiral,
          hangedman_abyss_or_decor_lesser_grid, uniq_boris
Depths:5: grunt_runaround [grunt_runaround_doors_1, grunt_runaround_doors_2,
          grunt_runaround_doors_3, grunt_runaround_doors_4,
          grunt_runaround_zot], hell_entry, pan_entry
Zot:1:    nicolae_moth_party, layout_gridlike, grunt_ministairs_5
Zot:2:    layout_gridville, grunt_megastairs_3
Zot:3:    layout_misc_corridors, ebering_ghost_disaster_area, st_stairs_14
Zot:4:    layout_onion
Zot:5:    layout_gridlike

Skill      XL: |  1  2  3  4  5  6  7  8  9 10 11 12 13 14 15 16 17 18 19 20 21 22 23 24 25 26 |
---------------+-------------------------------------------------------------------------------+-----
Maces & Flails | 3 4 5 6 8 9 10 11 12 13 15 16 17 19 | 19.1
Fighting       | 4 6 7 8 10 11 12 13 14 15 16 17 19 21 23 24 25 26 27 | 27.0
Armour         | 4 5 6 8 9 10 11 12 14 15 16 17 18 19 21 22 23 24 25 | 25.3
Shields        | 4 5 6 8 10 11 12 14 15 16 17 18 19 20 21 | 21.4
Invocations    | 3 5 6 8 10 | 10.3
Axes           | 2 7 |  7.1
Evocations     | 3 6 7 11 | 11.0
Short Blades   | 2 |  2.2
Long Blades    | 2 8 |  8.5
Dodging        | 3 5 |  5.4

Action                   |  1- 3 |  4- 6 |  7- 9 | 10-12 | 13-15 | 16-18 | 19-21 | 22-24 | 25-27 || total
-------------------------+-------+-------+-------+-------+-------+-------+-------+-------+-------++-------
Melee: Flail             |   138 |   160 |       |       |       |       |       |       |       ||   298
       Mace              |       |    30 |   294 |       |       |       |       |       |       ||   324
       Whip              |       |       |    77 |   825 |       |       |       |       |       ||   902
       Morningstar       |       |       |       |    54 |   655 |   940 |   815 |   889 |   639 ||  3992
       Dagger            |       |       |       |       |       |    23 |       |       |       ||    23
       Kick              |       |       |       |       |       |       |       |   319 |   167 ||   486
       Scimitar          |       |       |       |       |       |       |       |       |     4 ||     4
Invok: Animate Remains   |       |       |     8 |     3 |       |       |       |       |       ||    11
       Recall Undead Sla |       |       |     1 |     7 |     9 |    28 |    18 |    22 |     5 ||    90
       Injury Mirror     |       |       |       |     1 |     1 |       |       |       |     1 ||     3
       Animate Dead      |       |       |       |    20 |    35 |    11 |    16 |    59 |    22 ||   163
       Drain Life        |       |       |       |       |     1 |     6 |     3 |     4 |     4 ||    18
       Enslave Soul      |       |       |       |       |       |     5 |     2 |     4 |     2 ||    13
 Abil: Evoke Invisibilit |       |       |       |       |       |       |       |     5 |     1 ||     6
Evoke: Wand              |       |       |       |     7 |    10 |     1 |       |     3 |    21 ||    42
  Use: Scroll            |       |     3 |    10 |    11 |     5 |    14 |    20 |    10 |     3 ||    76
       Potion            |       |       |     1 |     3 |     6 |     3 |       |     7 |    12 ||    32
 Stab: Distracted        |       |       |       |     7 |     9 |    17 |     8 |    16 |    10 ||    67
       Paralysed         |       |       |       |       |     3 |     7 |     1 |       |       ||    11
       Confused          |       |       |       |       |       |     1 |       |       |       ||     1
  Eat: Chunk             |     1 |     5 |     8 |    19 |     6 |    26 |    23 |     2 |       ||    90
       Ration            |       |     1 |     2 |     6 |     9 |    10 |     4 |    16 |    11 ||    59
Armor: Scale mail        |    72 |    65 |   132 |   100 |       |       |       |       |       ||   369
       Plate armour      |       |       |       |   118 |   334 |   315 |   386 |       |       ||  1153
       Gold dragon scale |       |       |       |       |       |       |    17 |   679 |   452 ||  1148
Dodge: Dodged            |    39 |    49 |    79 |   109 |   205 |   126 |   189 |   222 |   193 ||  1211
Block: Shield            |    76 |    77 |   184 |   339 |   480 |   180 |       |       |       ||  1336
       Large shield      |       |       |       |       |       |   617 |   224 |   719 |   160 ||  1720
       Buckler           |       |       |       |       |       |       |   214 |   190 |   218 ||   622
       Rpst.: Scimitar   |       |       |       |       |       |       |       |     4 |     2 ||     6
